 Dungeon Crawl Stone Soup version 0.26-a0-611-g354ed81 (webtiles) character file.

Game seed: 12422223418540576943

42 B1Gdaddy5 the Sneak (level 3, 0/27 HPs)
             Began as a Human Brigand on Sept 6, 2020.
             Succumbed to an adder's poison
             ... on level 2 of the Dungeon.
             The game lasted 00:05:07 (1285 turns).

B1Gdaddy5 the Sneak (Human Brigand)                 Turns: 1285, Time: 00:05:07

Health: 0/27       AC:  3    Str: 11    XL:     3   Next: 77%
Magic:  3/3        EV: 12    Int: 11    God:
Gold:   77         SH:  0    Dex: 15    Spells: 2/2 levels left

rFire    . . .     SeeInvis .   a - +2 dagger
rCold    . . .     Faith    .   (no shield)
rNeg     . . .     Spirit   .   b - +0 robe
rPois    .         Reflect  .   (no helmet)
rElec    .         Harm     .   c - +0 cloak
rCorr    .                      (no gloves)
MR       .....                  (no boots)
Stlth    ++++......             (no amulet)
HPRegen  0.09/turn              h - ring of stealth
MPRegen  0.08/turn              (no ring)

@: lethally poisoned (0 -> -10)
A: no striking features
a: no special abilities


You were on level 2 of the Dungeon.
You visited 1 branch of the dungeon, and saw 2 of its levels.

You collected 77 gold pieces.

Inventory:

Hand Weapons
 a - a +2 dagger (weapon)
Missiles
 d - 26 poisoned darts (quivered)
 e - 8 curare-tipped darts
Armour
 b - a +0 robe (worn)
 c - a +0 cloak (worn)
Jewellery
 h - a ring of stealth (left hand)
Scrolls
 i - 2 scrolls of blinking {unknown}
 l - a scroll of teleportation {unknown}
Potions
 f - a potion of haste {unknown}
 g - a potion of heal wounds {unknown}
 j - a potion of invisibility {unknown}


   Skills:
 + Level 2.2 Fighting
 + Level 2.5 Short Blades
 + Level 2.1 Throwing
 + Level 1.1 Dodging
 + Level 4.8 Stealth


You had 2 spell levels left.
You didn't know any spells.
Your spell library was empty.

Dungeon Overview and Level Annotations

Branches:
Dungeon (2/15)

Altars:


Message History

* * * LOW HITPOINT WARNING * * *
You are more poisoned.
The adder poisons you! The adder closely misses you.
You hit the adder.
You kill the adder!
* * * LOW HITPOINT WARNING * * *
You feel sick.
* * * LOW HITPOINT WARNING * * *
You feel sick.
You see here an adder corpse.
* * * LOW HITPOINT WARNING * * *
You feel sick.
Things that are here:
a +0 short sword; 2 stones
* * * LOW HITPOINT WARNING * * *
You feel sick.
There is an escape hatch in the floor here.
You see here a stone.
It was a potion of magic.
Magic courses through your body.
You die...

#≈...≈≈..≈..≈≈≈#
#....$..≈..≈.# .
#........≈≈..# #
#.####............#.#
.....?...........(..#
......####.)..##.##.#
#......<............#
..............#########.
#####.#....).@)†(.......
###...##############
#####


There were no monsters in sight!

Vanquished Creatures
  An adder (D:2)
  A worm (D:2)
  A dart slug (D:1)
  An orc (D:2)
  4 bats (D:1)
  2 giant cockroaches
  2 goblins (D:1)
  3 hobgoblins (D:1)
  3 frilled lizards (D:1)
  6 kobolds
  3 rats (D:1)
27 creatures vanquished.

Vanquished Creatures (others)
  A fungus (D:2)
1 creature vanquished.

Grand Total: 28 creatures vanquished

Notes
Turn   | Place    | Note
-------+----------+-------------------------------------------
     0 | D:1      | B1Gdaddy5 the Human Brigand began the quest for the Orb.
     0 | D:1      | Reached XP level 1. HP: 16/16 MP: 1/1
   232 | D:1      | Reached XP level 2. HP: 22/22 MP: 2/2
   560 | D:1      | Reached XP level 3. HP: 22/27 MP: 3/3
  1284 | D:2      | HP: 1/27 [poisoned by an adder]
  1285 | D:2      | Succumbed to an adder's poison

Illustrated notes

Levels and vault maps discovered:
D:1:      dpeg_arrival_leaves_temple_mockup, layout_basic, hex_large
D:2:      cheibrodos_helix_gallery, layout_loops_ring,
          nicolae_tso_swordbearing_angel, uniq_crazy_yiuf_cottage

Action                   || total
-------------------------++-------
Melee: Dagger            ||    96
Throw: Dart              ||     2
  Use: Potion            ||     1
 Stab: Sleeping          ||     4
Armor: Robe              ||    29
Dodge: Dodged            ||    53

Table legend: (Time is in decaauts)
 A = Elapsed time spent in this place.
 B = Non-inter-level travel time spent in this place.
 C = Inter-level travel time spent in this place.
 D = Time resting spent in this place.
 E = Time spent auto-exploring this place.
 F = Levels seen in this place.
 G = Mean time per level.
                   A        B        C        D        E       F      G
               +--------+--------+--------+--------+--------+-----+--------+
         Total |   1274 |   1242 |     32 |     86 |    742 |   2 |  637.0 |
       Dungeon |   1274 |   1242 |     32 |     86 |    742 |   2 |  637.0 |
               +--------+--------+--------+--------+--------+-----+--------+

Top non-repeatable levels by time:
     D:1: 1099 daAuts
     D:2: 174 daAuts
